[Event "Early-Titled-Tuesday-Blitz-April-16-2024"]
[Site "Chess.com"]
[Date "2024.04.16"]
[Round "1"]
[White "andong36"]
[Black "kleber2007"]
[Result "1-0"]
[WhiteElo "2383"]
[BlackElo "2586"]
[TimeControl "180+1"]
[EndTime "8:07:00 PDT"]
[Termination "andong36 won by checkmate"]

1. d4 Nf6 2. Bf4 g6 3. Nc3 d5 4.
e3 Bg7 5. Nf3 O-O 6. Be2 c5 7. Ne5 Nc6 8. h4 cxd4 9. exd4 Qb6 10.
Qd2 Qxd4 11. Nxc6 Qxd2+ 12. Bxd2 bxc6 13. h5 Bf5 14. O-O-O Rab8 15. f3 d4 16. Na4 Nd5 17. g4 Bc8 18. Bc4 e5 19. hxg6 fxg6 20. f4 Bxg4 21.
Rdg1 Bf3 22. Rh3 e4 23. Nc5 Rf7 24. Re1 Bf8 25. Nxe4 Bb4 26. Ng5 Bxd2+ 27. Kxd2 Bg4 28. Rh4 Rxf4 29. Rxh7 Rxb2 30. Ree7 Rf2+ 31. Kd3 Bf5+ 32. Kxd4 Rbxc2 33. Rhg7+ Kf8 34. Nh7# 1-0

[Event "Early-Titled-Tuesday-Blitz-April-16-2024"]
[Site "Chess.com"]
[Date "2024.04.16"]
[Round "1"]
[White "Abund"]
[Black "NigelDwarf"]
[Result "1-0"]
[WhiteElo "2815"]
[BlackElo "2455"]
[TimeControl "180+1"]
[EndTime "8:07:01 PDT"]
[Termination "Abund won by resignation"]

1. e4 c5 2. Nf3 d6 3. d4 Nf6 4.
Nc3 cxd4 5. Nxd4 a6 6. Bd3 e5 7. Nde2 Be7 8. Ng3 b5 9. O-O O-O 10. a4 b4 11. Nd5 Nxd5 12. exd5 f5 13. a5 e4 14. Bc4 Nd7 15. Bd2 Ne5 16. Bb3 f4 17. Nxe4 f3 18. Re1 Bg4 19. g3 Qe8 20.
Bxb4 Qh5 21. Re3 Bh3 22. Bxd6 Bxd6 23. Nxd6 Ng4 24. Rxf3 Bg2 25. Rxf8+ Rxf8 26. h4 Rxf2 27. Qe1 h6 28. Ne4 Bxe4 29. Qxe4 Rd2 30. Re1 Nf2 31. Qe8+ 1-0

[Event "Early-Titled-Tuesday-Blitz-April-16-2024"]
[Site "Chess.com"]
[Date "2024.04.16"]
[Round "1"]
[White "Hananmo"]
[Black "PLAYER_2006_M"]
[Result "0-1"]
[WhiteElo "2520"]
[BlackElo "2979"]
[TimeControl "180+1"]
[EndTime "8:07:02 PDT"]
[Termination "PLAYER_2006_M won by resignation"]

1. Nf3 Nf6 2. c4 e6 3. g3 b6 4. Bg2 Bb7 5. O-O g6 6. d4 Bg7 7.
Nc3 Ne4 8. Qd3 Nxc3 9. bxc3 O-O 10. a4 Nc6 11. Ba3 d6 12. Nd2 Qc8 13. h4 Na5 14. h5 c5 15. hxg6 hxg6 16. Rac1 f5 17. e3 e5 18. dxc5 dxc5 19. Bd5+ Bxd5 20. Qxd5+ Rf7 21. Nf3 Qb7 22. Rcd1 Qxd5 23. cxd5 e4 24. Ng5 Rd7 25. g4 Nc4 26. Bc1 Bxc3 27. gxf5 gxf5 28. f3 Rg7 29. f4 Bf6 30. Kf2 Bxg5 31. fxg5 Rxg5 32.
d6 Rd8 33. d7 Kf7 34. Ke2 Ke6 35. Rh1 Ne5 36. Rh6+ Rg6 37. Rh7 Rxd7 38. Rdxd7 Nxd7 39. Kf2 Ne5 0-1

[Event "Early-Titled-Tuesday-Blitz-April-16-2024"]
[Site "Chess.com"]
[Date "2024.04.16"]
[Round "1"]
[White "NiranjanNavalgund"]
[Black "Zhigalko_Sergei"]
[Result "0-1"]
[WhiteElo "2498"]
[BlackElo "2892"]
[TimeControl "180+1"]
[EndTime "8:07:02 PDT"]
[Termination "Zhigalko_Sergei won by resignation"]

1. d4 Nf6 2. c4 e6 3. g3 c5 4. d5 exd5 5. cxd5 d6 6. Nc3 g6 7. Bg2 Bg7 8. Nf3 O-O 9. O-O Re8 10. Bf4 a6 11. a4 Nh5 12. Bg5 Qc7 13. Rc1 Nd7 14.
b4 h6 15. Bd2 b6 16. a5 b5 17. bxc5 Nxc5 18. Na2 Bd7 19. Bb4 Rac8 20. Nd4 Nf6 21.
Nb3 Qa7 22. Re1 Bf5 23. Nd4 Be4 24. Nc6 Qd7 25. Bxc5 dxc5 26. Rxc5 Bxg2 27. Kxg2 Ne4 28. Rc2 Ng5 29. Qd3 Qh3+ 30. Kg1 Qg4 31. Rec1 Nh3+ 32. Kf1 Nf4 33. gxf4 Kh7 34. Qg3 Qf5 35. Nab4 Qe4 36. Qf3 Qf5 37. Nxa6 h5 38. Nab4 Bh6 39. e3 Ra8 40. a6 Bg7 41. a7 Qd7 42. Qe2 Qh3+ 43. Kg1 Re4 44. Qf3 Qxf3 45. Nd3 Qg4+ 46. Kf1 Ra4 47.
Ne1 Qh3+ 48. Ke2 R4xa7 49. Nxa7 Rxa7 50. Rd1 Qg4+ 51. Kf1 Qxd1 0-1

[Event "Early-Titled-Tuesday-Blitz-April-16-2024"]
[Site "Chess.com"]
[Date "2024.04.16"]
[Round "1"]
[White "chess_blitz00"]
[Black "superchess02"]
[Result "0-1"]
[WhiteElo "2495"]
[BlackElo "2878"]
[TimeControl "180+1"]
[EndTime "8:07:02 PDT"]
[Termination "superchess02 won on time"]

1. Nf3 Nf6 2. d4 d5 3. g3 Bf5 4. Bg2 h6 5. O-O e6 6. c4 c6 7.
Nc3 Bd6 8. cxd5 exd5 9. Bf4 Bxf4 10. gxf4 Qd6 11. e3 Nbd7 12. Ne5 g5 13. fxg5 hxg5 14. f4 gxf4 15. Rxf4 Nxe5 16. dxe5 Qxe5 17. Qd4 Qe6 18. Rxf5 Qxf5 19. Rf1 Qh5 20. Rxf6 Qxh2+ 21. Kf1 Rg8 22. Rf2 Rg6 23. e4 O-O-O 24. exd5 Qh5 25. Qxa7 Qe5 26. dxc6 bxc6 27. Bh3+ Re6 28. Bxe6+ fxe6 29. Qa8+ Kd7 30. Qa7+ Kc8 31. Qa8+ Kc7 32. Qa5+ Qxa5 0-1

[Event "Early-Titled-Tuesday-Blitz-April-16-2024"]
[Site "Chess.com"]
[Date "2024.04.16"]
[Round "1"]
[White "JAN2404"]
[Black "HaryKane"]
[Result "0-1"]
[WhiteElo "1913"]
[BlackElo "2550"]
[TimeControl "180+1"]
[EndTime "8:07:02 PDT"]
[Termination "HaryKane won on time"]

1. e4 e6 2. Nc3 d5 3. Nf3 Nf6 4.
e5 Nfd7 5. d4 c5 6. Be2 Nc6 7. Be3 cxd4 8. Bxd4 Nxd4 9. Qxd4 Bc5 10. Qa4 O-O 11. O-O Qc7 12. Nb5 Qb8 13. b4 Bb6 14. Nd6 Nxe5 15. Nxe5 Qxd6 16. Nd3 Bc7 17. g3 e5 18. Qb3 Bb6 19. Rad1 Be6 20. a4 Rac8 21.
a5 Bd4 22. Bf3 Rc3 23. Qa4 Rfc8 24. Bg2 a6 25. Rfe1 h6 26. Re2 Qc7 27. Rde1 e4 28. Nf4 Rxc2 29. Nxe6 fxe6 30. Bh3 Rc6 31. Qb3 Qf7 32. b5 Rc3 33. Qd1 Rd3 34. Qb1 Kh8 35.
bxa6 bxa6 36. Qa2 Rf8 37. Rf1 Rf3 38. Qc2 e3 0-1

[Event "Early-Titled-Tuesday-Blitz-April-16-2024"]
[Site "Chess.com"]
[Date "2024.04.16"]
[Round "1"]
[White "Bilan_Danila"]
[Black "AnishOnYoutube"]
[Result "0-1"]
[WhiteElo "2530"]
[BlackElo "3051"]
[TimeControl "180+1"]
[EndTime "8:07:03 PDT"]
[Termination "AnishOnYoutube won on time"]

1. d4 Nf6 2. Nf3 g6 3. Bg5 Bg7 4. c3 h6 5. Bh4 O-O 6. Nbd2 d6 7. e4 c5 8. dxc5 dxc5 9. Bc4 Nc6 10. O-O Nh5 11.
Re1 Qc7 12. Qc2 Rd8 13. Rad1 Bg4 14. Bg3 Nxg3 15. hxg3 a6 16. a4 Rab8 17. Nf1 Rxd1 18. Rxd1 b5 19. axb5 axb5 20. Be2 c4 21. Ne3 Bd7 22. Nd5 Qb7 23. Nd4 e6 24. Ne3 Nxd4 25. cxd4 Bc6 26. d5 exd5 27. Nxd5 Re8 28. Bf3 Be5 29.
b3 cxb3 30. Qxb3 Kg7 31. Rb1 h5 32. Rc1 Bd7 33. Rb1 Rc8 34. Rd1 Rc4 35. Qe3 Qc6 36.
Qg5 f6 37. Qe3 Be6 38. Qa7+ Bf7 39. Ra1 Bxa1 0-1

[Event "Early-Titled-Tuesday-Blitz-April-16-2024"]
[Site "Chess.com"]
[Date "2024.04.16"]
[Round "1"]
[White "Szparu"]
[Black "Jojo_898"]
[Result "1-0"]
[WhiteElo "2828"]
[BlackElo "2470"]
[TimeControl "180+1"]
[EndTime "8:07:04 PDT"]
[Termination "Szparu won by resignation"]

1. e4 d6 2. d4 Nf6 3. Bd3 g6 4.
Nf3 Bg7 5. O-O O-O 6. Re1 c6 7. Nbd2 Nbd7 8. c3 e5 9. h3 Nh5 10. Nc4 Qe7 11. a4 a6 12. a5 Rb8 13. b3 Nf4 14. dxe5 dxe5 15. Bxf4 exf4 16. e5 b5 17. axb6 Nxb6 18. Nd6 Nd5 19. Qc2 Nc7 20. Nd4 Bd7 21. Qd2 Bxe5 22. Qxf4 Qxd6 23. Qxe5 Qxe5 24. Rxe5 Nd5 25.
Rxa6 Nxc3 26. Ra7 Rfd8 27. Bc4 Kf8 28. Kh2 Be8 29. Rxe8+ Rxe8 30. Rxf7+ Kg8 31. Rf3+ Kg7 32. Rxc3 Kh6 33. Nxc6 Rbc8 34. Nb4 Rf8 35. f3 Rcd8 36. Nd5 Rf5 37. Rd3 Ra8 38. b4 Ra1 39. b5 Rc1 40.
Rb3 Rxc4 41. Ne3 Rc7 42. Nxf5+ gxf5 43. b6 Rb7 44. Kg3 Kg5 45. h4+ Kg6 46. Kf4 Kf6 47. g3 h6 48. h5 Ke6 49. Rb5 Ke7 50. Kxf5 Kd6 51. Kg6 Kc6 52. Rb1 1-0

[Event "Early-Titled-Tuesday-Blitz-April-16-2024"]
[Site "Chess.com"]
[Date "2024.04.16"]
[Round "1"]
[White "VerdeNotte"]
[Black "killer_dreams"]
[Result "1-0"]
[WhiteElo "2891"]
[BlackElo "2498"]
[TimeControl "180+1"]
[EndTime "8:07:06 PDT"]
[Termination "VerdeNotte won by resignation"]

1. Nf3 d5 2. g3 Nf6 3. Bg2 e6 4. O-O Be7 5. c4 O-O 6. b3 a5 7. Nc3 c6 8. d4 b5 9. cxb5 cxb5 10. Nxb5 Qb6 11. a4 Ba6 12. Ba3 Bxa3 13. Nxa3 Nc6 14. Re1 Rab8 15. Rb1 Ne4 16. Rb2 Rfc8 17. e3 Nb4 18.
Ne5 Nc3 19. Qh5 Rc7 20. Bf1 f6 21. Nf3 Bxf1 22. Rxf1 Nd3 23. Rd2 Qxb3 24. Kg2 Nb4 25. Nb5 Nxb5 26. axb5 g6 27. Qh3 Re7 28. Rc1 a4 29. g4 g5 30. Qh6 Rf7 31. h4 gxh4 32. g5 f5 33. g6 hxg6 34. Ng5 Rg7 35. Nxe6 Rbb7 36. Rc8+ Kf7 37. Qxg7+ Kxe6 38. Qxb7 1-0

[Event "Early-Titled-Tuesday-Blitz-April-16-2024"]
[Site "Chess.com"]
[Date "2024.04.16"]
[Round "1"]
[White "MIss_MIaMI"]
[Black "xasid81"]
[Result "1-0"]
[WhiteElo "2363"]
[BlackElo "2631"]
[TimeControl "180+1"]
[EndTime "8:07:06 PDT"]
[Termination "MIss_MIaMI won by resignation"]

1. e4 e6 2. d4 d5 3. exd5 exd5 4. Qf3 Nc6 5. c3 Be6 6. Bd3 Qf6 7. Bf4 O-O-O 8. Nd2 Bd6 9. Ne2 Bxf4 10. Qxf4 Qxf4 11. Nxf4 Nf6 12. f3 Bd7 13. O-O-O Ne7 14. Nb3 Ng6 15. Nxg6 hxg6 16. Rde1 Rde8 17. h3 b6 18. Ba6+ Kd8 19.
Kd2 c6 20. Bd3 Nh5 21. Rxe8+ Rxe8 22. Re1 Rxe1 23. Kxe1 Nf4 24. Bf1 a5 25. Kf2 g5 26.
Ke3 Bf5 27. Nc1 Bb1 28. a3 Bg6 29. g3 Nh5 30. Kf2 Kc7 31. Nd3 Bxd3 32. Bxd3 Nf6 33. a4 Kd6 34. b4 Nd7 35. Ke3 c5 36. dxc5+ bxc5 37. b5 Nb6 38. Bc2 Nc4+ 39. Ke2 Ke5 40. Bb3 Nb6 41. Ke3 d4+ 42. cxd4+ cxd4+ 43. Kd3 f5 44. f4+ gxf4 45. gxf4+ Kxf4 46. Kxd4 Kg3 47. Kc5 Nd7+ 48.
Kd6 Nb6 49. Kc7 Kxh3 50. Kxb6 g5 51. Kxa5 g4 52. Be6 f4 53. b6 f3 54. b7 f2 55. Bc4 g3 56. b8=Q g2 57. Qh8+ Kg3 58.
Qg7+ Kh2 59. Qh6+ Kg1 60. Qe3 1-0

[Event "Early-Titled-Tuesday-Blitz-April-16-2024"]
[Site "Chess.com"]
[Date "2024.04.16"]
[Round "1"]
[White "maximnovik"]
[Black "Aragon"]
[Result "1-0"]
[WhiteElo "2564"]
[BlackElo "2047"]
[TimeControl "180+1"]
[EndTime "8:07:06 PDT"]
[Termination "maximnovik won by resignation"]

1. e4 a6 2. d4 b5 3. Nf3 Bb7 4. Bd3 e6 5. Qe2 Nf6 6. e5 Nd5 7. c3 c5 8. a3 Nc6 9. O-O Be7 10. Re1 Qb6 11. Qe4 h6 12. Qg4 g5 13. Qh5 Na5 14. Bxg5 Nb3 15. Ra2 cxd4 16. Bxe7 Nxe7 17. Ng5 Rg8 18.
Qxf7+ Kd8 19. Ne4 Nc5 20. Qf3 Nf5 21. Nbd2 Kc7 22. cxd4 Nxd4 23. Qe3 Nxd3 24. Qxd3 Rg7 25. b4 Rag8 26. g3 Bd5 27. Raa1 Nc6 28. Rac1 Kb7 29. Rc5 Nxe5 30. Qd4 Nc6 31. Qc3 Bxe4 32. Nxe4 d5 33. Nd6+ Kc7 34. Rc1 1-0

[Event "Early-Titled-Tuesday-Blitz-April-16-2024"]
[Site "Chess.com"]
[Date "2024.04.16"]
[Round "1"]
[White "kacperkarwowski"]
[Black "Anton_Demchenko"]
[Result "0-1"]
[WhiteElo "2522"]
[BlackElo "3020"]
[TimeControl "180+1"]
[EndTime "8:07:07 PDT"]
[Termination "Anton_Demchenko won on time"]

1. e4 e5 2. Nf3 Nc6 3. d4 exd4 4. Nxd4 Bc5 5. Nxc6 bxc6 6. Nc3 Qh4 7. Qf3 Rb8 8.
Bc4 Qf6 9. Qxf6 Nxf6 10. O-O d6 11.
Bb3 Ba6 12. Re1 Ng4 13. Nd1 O-O 14. h3 Ne5 15. Be3 Bb6 16. Bxb6 axb6 17. Ne3 b5 18. f4 Nd7 19. c3 Rfe8 20. Bc2 Bb7 21. Ng4 Ra8 22. a3 Nb6 23. Bd3 Na4 24. Re2 Nc5 25.
Bc2 Bc8 26. Nf2 Be6 27. Rae1 Bb3 28. Bxb3 Nxb3 29. e5 d5 30. Nd3 c5 31. Kf2 Rac8 32. Kf3 d4 33. Kf2 c4 34. Nb4 d3 35. Re3 c5 36. Nd5 Kf8 37. Rd1 Red8 38. Nb6 Rc6 39. e6 fxe6 0-1

[Event "Early-Titled-Tuesday-Blitz-April-16-2024"]
[Site "Chess.com"]
[Date "2024.04.16"]
[Round "1"]
[White "YouJustFoundYourGodfather"]
[Black "chezzgirl04"]
[Result "1-0"]
[WhiteElo "2568"]
[BlackElo "2132"]
[TimeControl "180+1"]
[EndTime "8:07:07 PDT"]
[Termination "YouJustFoundYourGodfather won on time"]

1. d4 d5 2. Nf3 Nf6 3. Bf4 e6 4. e3 Bd6 5. Ne5 O-O 6. Nd2 Ne4 7. Nxe4 dxe4 8. Bg3 Nd7 9. Nc4 Nb6 10. Nxd6 cxd6 11. a4 a5 12. Be2 d5 13. O-O Bd7 14. b3 Rc8 15. Qd2 Na8 16. c4 Qb6 17. c5 Qa7 18. b4 axb4 19. Qxb4 Nc7 20. Rfb1 Bc6 21. Qb6 Qxb6 22. cxb6 Ne8 23. a5 Nf6 24. a6 Nd7 25. axb7 Bxb7 26. Ra7 Nxb6 27. Rxb7 Nc4 28. Rb8 Nd2 29.
Rxc8 Nxb1 30. Rxf8+ Kxf8 31. Bd6+ Ke8 32. Bb4 Kd7 33. Bb5+ Kc7 34. Ba4 Kb6 35. Kf1 Nd2+ 36. Bxd2 1-0

[Event "Early-Titled-Tuesday-Blitz-April-16-2024"]
[Site "Chess.com"]
[Date "2024.04.16"]
[Round "1"]
[White "Iunusovnuriddin"]
[Black "Yan_Dyomin2010"]
[Result "0-1"]
[WhiteElo "2347"]
[BlackElo "2648"]
[TimeControl "180+1"]
[EndTime "8:07:08 PDT"]
[Termination "Yan_Dyomin2010 won by resignation"]

1. e4 c5 2. c3 d5 3. exd5 Qxd5 4.
d4 Nc6 5. Nf3 Bg4 6. Be2 cxd4 7.
cxd4 e6 8. O-O Nf6 9. Nc3 Qd8 10.
h3 Bh5 11. Be3 Be7 12. Ne5 Bxe2 13. Qxe2 O-O 14. Rfd1 Rc8 15. Nxc6 Rxc6 16. d5 Nxd5 17. Nxd5 exd5 18. Qb5 Qc8 19. Rxd5 a6 20. Qd3 Bf6 21.
Bd4 Rc1+ 22. Rxc1 Qxc1+ 23. Kh2 Qc7+ 24. g3 Bxd4 25. Qxd4 h6 26. Rd7 Qc6 27. Rd6 Qf3 28.
Rd8 Rxd8 29. Qxd8+ Kh7 30. Qd4 f5 31. h4 a5 32. a4 f4 33. gxf4 b6 34. Qe3 Qg4 35.
Qd3+ Kh8 36. Qd8+ Kh7 37. Qd3+ Kg8 38. Qd8+ Kf7 39. Qd5+ Kg6 40. Qd6+ Kh5 41. Qxb6 Qxf4+ 42.
Kg2 Qg4+ 43. Kf1 Qxa4 44. Qb7 Qd1+ 45. Kg2 Qg4+ 46. Kf1 a4 47. Qf7+ Kxh4 48. Qe7+ g5 49. Qh7 h5 50. Qd3 Qh3+ 0-1

[Event "Early-Titled-Tuesday-Blitz-April-16-2024"]
[Site "Chess.com"]
[Date "2024.04.16"]
[Round "1"]
[White "SkinnyPuppy8"]
[Black "bazar-wokzal"]
[Result "0-1"]
[WhiteElo "2216"]
[BlackElo "2588"]
[TimeControl "180+1"]
[EndTime "8:07:08 PDT"]
[Termination "bazar-wokzal won by checkmate"]

1. e4 Nc6 2. Nc3 Nf6 3. f4 d5 4. e5 d4 5. exf6 dxc3 6. Bb5 cxb2 7. Bxc6+ bxc6 8. Bxb2 gxf6 9. Nf3 Rb8 10. Bd4 Rg8 11.
O-O Bh6 12. Bxa7 Rb7 13. Be3 Qd6 14. Ne1 Rb4 15. Nd3 Bg4 16. Qe1 Rc4 17. Rb1 Kd7 18. Rb2 Bf5 19. Qh4 Rg6 20. Ne1 Qd5 21. d3 Ra4 22. Qf2 Rxa2 23. c4 Rxb2 24. Qxb2 Qd6 25. g3 e5 26. fxe5 Bxe3+ 27. Kg2 Qe6 28. Rf3 Bh3+ 29. Kh1 Bb6 30. d4 fxe5 31. c5 Ba5 32.
dxe5 Bxe1 33. Rd3+ Ke7 34. Qb7 Qxe5 35. Re3 Qxe3 36.
Qxc7+ Kf8 37. Qxf7+ Kxf7 38. g4 Qf3+ 39. Kg1 Qg2# 0-1

[Event "Early-Titled-Tuesday-Blitz-April-16-2024"]
[Site "Chess.com"]
[Date "2024.04.16"]
[Round "1"]
[White "alexg2003"]
[Black "mishanick"]
[Result "0-1"]
[WhiteElo "2531"]
[BlackElo "3066"]
[TimeControl "180+1"]
[EndTime "8:07:10 PDT"]
[Termination "mishanick won by resignation"]

1. e4 c5 2. Nf3 d6 3. Bc4 Nf6 4. d3 g6 5. O-O Bg7 6. Nc3 O-O 7. Bg5 Nc6 8. Qd2 Re8 9. h3 a6 10. a4 b6 11. Rad1 Bb7 12. Nd5 e6 13.
Nxf6+ Bxf6 14. c3 Ne5 15. Nxe5 Bxg5 16. f4 Bh6 17. Ng4 Bg7 18. f5 d5 19. f6 Bh8 20.
Nh6+ Kf8 21. Nxf7 Kxf7 22. Qh6 Rf8 23. exd5 Ke8 24. Qxh7 Qd7 25. Qxd7+ Kxd7 26. dxe6+ Kd6 27. f7 Ke7 28. Rde1 Rad8 29. Re3 Bd5 30. Rg3 Bxc4 31.
dxc4 Rd6 32. Rxg6 Rxe6 33. Rg8 Bf6 34. Rxf8 Kxf8 35. g3 Kxf7 36. Rf2 Kg6 37. Kg2 Re4 38. h4 Rxc4 0-1

[Event "Early-Titled-Tuesday-Blitz-April-16-2024"]
[Site "Chess.com"]
[Date "2024.04.16"]
[Round "1"]
[White "milovichalex"]
[Black "FoggyMorning"]
[Result "0-1"]
[WhiteElo "2303"]
[BlackElo "2618"]
[TimeControl "180+1"]
[EndTime "8:07:10 PDT"]
[Termination "FoggyMorning won by resignation"]

1. e4 e6 2. Nf3 d5 3. e5 c5 4.
b4 cxb4 5. a3 bxa3 6. d4 Nc6 7. c3 Bd7 8. Bd3 Rc8 9. Ng5 Be7 10. h4 Nh6 11. Qf3 Nxd4 12. Qf4 Nb3 13. Ra2 Nxc1 14. Qxc1 Qb6 15. O-O Qb3 16. Qd2 Ng4 17. Qf4 Bxg5 18. Qxg4 Qxa2 19. Qxg5 Kf8 20. f4 h6 21. Qg3 Qb2 22. f5 exf5 23. e6 Qb6+ 24.
Kh1 Bxe6 25. Bxf5 a2 26. Bxe6 Qxe6 27. Na3 Kg8 28. Nb5 Qa6 29. Nd4 a1=Q 30. Kh2 Q1xf1 31. Nf5 Qxf5 32. Qg4 Qxg4 0-1

[Event "Early-Titled-Tuesday-Blitz-April-16-2024"]
[Site "Chess.com"]
[Date "2024.04.16"]
[Round "1"]
[White "RandomNoob04"]
[Black "AsselLesbekova"]
[Result "0-1"]
[WhiteElo "2650"]
[BlackElo "2394"]
[TimeControl "180+1"]
[EndTime "8:07:11 PDT"]
[Termination "AsselLesbekova won by resignation"]

1. e4 e5 2. d4 Nf6 3. dxe5 Nxe4 4.
Bc4 Ng5 5. Nf3 Ne6 6. Nc3 d6 7. Be3 Nc6 8. exd6 Bxd6 9. Qd2 Ne5 10. Nxe5 Bxe5 11. Qxd8+ Nxd8 12. O-O-O Bxc3 13. bxc3 Be6 14. Be2 Nc6 15. Bf4 Rc8 16. Bf3 O-O 17. Kb2 Na5 18.
Rd4 Nc4+ 19. Kc1 h6 20. Bxb7 Rb8 21. Ba6 Na3 22. Kd2 Rb2 23. Rc1 Rxa2 24. Bd3 c5 25. Re4 c4 26. Be2 Bf5 27. Rd4 Nxc2 28. Rxc2 Rxc2+ 29. Kd1 Rxc3 30. Bxc4 g5 31. Be5 Rc8 32. Ba6 Rc1+ 33.
Kd2 R8c2+ 34. Ke3 Re1+ 35. Kf3 Rxe5 36. g4 Rc3+ 37. Kg2 Be4+ 38. Kf1 Bf3 39. Rc4 Rxc4 40. Bxc4 Rc5 0-1

[Event "Early-Titled-Tuesday-Blitz-April-16-2024"]
[Site "Chess.com"]
[Date "2024.04.16"]
[Round "1"]
[White "andrew-blr"]
[Black "Hui_Li_Macau"]
[Result "0-1"]
[WhiteElo "2650"]
[BlackElo "2391"]
[TimeControl "180+1"]
[EndTime "8:07:11 PDT"]
[Termination "Hui_Li_Macau won by resignation"]

1. d4 d5 2. c4 e6 3. Nc3 Nf6 4. cxd5 exd5 5. Bg5 c6 6. e3 Be7 7. Bd3 Nbd7 8. Nge2 O-O 9. O-O Re8 10. f3 Nf8 11.
Qc2 Nh5 12. Bxe7 Qxe7 13. e4 dxe4 14. fxe4 Be6 15. Kh1 Rad8 16. Rae1 Nf6 17. h3 c5 18.
d5 Bc8 19. Ng3 Qd6 20. Nf5 Bxf5 21. Rxf5 Ng6 22. Qf2 a6 23. g4 Ne5 24. Bf1 b5 25.
Re3 Nexg4 26. hxg4 Nxg4 27. Qg3 Qh6+ 28. Kg2 Nxe3+ 29.
Kg1 Nxf5 30. exf5 Qe3+ 31. Kg2 Qxg3+ 32. Kxg3 c4 33. Bg2 g6 34. fxg6 hxg6 35. Kf4 Kg7 36.
Bf3 f5 37. a3 Kf6 38. Na2 g5+ 39. Kg3 Re3 40. Kf2 Rxf3+ 41. Kxf3 Rxd5 42. Ke2 g4 43. Nb4 Rd6 44. Nc2 Kg5 0-1

[Event "Early-Titled-Tuesday-Blitz-April-16-2024"]
[Site "Chess.com"]
[Date "2024.04.16"]
[Round "1"]
[White "Sanyura"]
[Black "Iuckyducky"]
[Result "1-0"]
[WhiteElo "2602"]
[BlackElo "2262"]
[TimeControl "180+1"]
[EndTime "8:07:11 PDT"]
[Termination "Sanyura won on time"]

1. e4 c5 2. Nf3 Nc6 3. d4 cxd4 4.
Nxd4 Nf6 5. Nc3 e5 6. Ndb5 d6 7. Bg5 a6 8. Na3 b5 9. Nd5 Be7 10. Bxf6 Bxf6 11. c4 O-O 12. Be2 b4 13. Nc2 a5 14. O-O Bg5 15. g3 Bh3 16. Re1 Be6 17. Bg4 Rb8 18. b3 Qd7 19. Nce3 Bxe3 20. Nxe3 Nd4 21.
Kg2 a4 22. h3 axb3 23. axb3 g6 24. f4 h5 25. Bxh5 gxh5 26. f5 Qb7 27. Nf1 Bxf5 28. Nd2 Bg6 29. Rf1 f5 30. Qe1 fxe4 31. Qe3 Kg7 32. Kh2 Nc2 33. Qg5 Nxa1 34. Rxa1 e3 35. Qxe3 Rf3 36. Nxf3 Rf8 37. Ra7 1-0

[Event "Early-Titled-Tuesday-Blitz-April-16-2024"]
[Site "Chess.com"]
[Date "2024.04.16"]
[Round "1"]
[White "SchmakAttack"]
[Black "becemix"]
[Result "1-0"]
[WhiteElo "2836"]
[BlackElo "2473"]
[TimeControl "180+1"]
[EndTime "8:07:12 PDT"]
[Termination "SchmakAttack won on time"]

1. d4 d5 2. c4 e6 3. Nc3 c6 4. e4 dxe4 5. Nxe4 Bb4+ 6. Nc3 Nf6 7. Nf3 c5 8. Be2 Nc6 9. Be3 Bxc3+ 10. bxc3 cxd4 11.
cxd4 O-O 12. O-O b6 13. Bg5 Bb7 14. Re1 h6 15. Bh4 g5 16. Bg3 Ne4 17. d5 exd5 18. cxd5 Nxg3 19. hxg3 Nb4 20. d6 Nd5 21. Ba6 Bxa6 22.
Qxd5 Qf6 23. Rac1 Qg6 24. Rc7 Qd3 25. Qxd3 Bxd3 26. Nd4 Rad8 27. d7 Kg7 28. Rxa7 Kf6 29. Nc6 Bf5 30. Nxd8 Rxd8 31. Rd1 Ke7 32. Rb7 Bxd7 33.
Rxb6 1-0

[Event "Early-Titled-Tuesday-Blitz-April-16-2024"]
[Site "Chess.com"]
[Date "2024.04.16"]
[Round "1"]
[White "TigrVShlyape"]
[Black "RantomOpening"]
[Result "1-0"]
[WhiteElo "2939"]
[BlackElo "2514"]
[TimeControl "180+1"]
[EndTime "8:07:13 PDT"]
[Termination "TigrVShlyape won by resignation"]

1. e4 c5 2. Nf3 e6 3. d4 cxd4 4. Nxd4 Nf6 5. Nc3 Nc6 6. Ndb5 Bb4 7. a3 Bxc3+ 8. Nxc3 d5 9. Bd3 h6 10. O-O dxe4 11.
Nxe4 Nxe4 12. Bxe4 Qxd1 13. Rxd1 Bd7 14. Bf4 e5 15. Bxc6 Bxc6 16. Bxe5 O-O 17. f3 Rfe8 18.
Re1 a6 19. Kf2 f6 20. Bf4 h5 21. c4 Kf7 22. Rxe8 Rxe8 23. Rd1 Ba4 24. Rd3 Bc6 25. h4 Rc8 26. b3 Ke6 27. Ke3 Kf5 28. Bg3 Re8+ 29. Kd2 g5 30. hxg5 fxg5 31. Bd6 g4 32. fxg4+ hxg4 33. g3 Be4 34. Rd4 Bc6 35. Bf4 Re7 36.
a4 Rd7 37. Bd6 Rh7 38. Kc3 Rh3 39. Bf4 Ke6 40. Rd3 Rh1 41. Kb4 Rb1 42. Kc5 Be4 43. Rc3 Kf5 44. Kb6 Bc6 45. Ka5 Be4 46. b4 Ra1 47. b5 Bf3 48. Rb3 Bd1 49. Rb4 axb5 50.
cxb5 b6+ 51. Kxb6 Rxa4 52. Rxa4 Bxa4 53. Ka6 Ke6 54. b6 1-0

[Event "Early-Titled-Tuesday-Blitz-April-16-2024"]
[Site "Chess.com"]
[Date "2024.04.16"]
[Round "1"]
[White "CrazyMartian"]
[Black "RebelJohnny"]
[Result "1/2-1/2"]
[WhiteElo "2340"]
[BlackElo "2623"]
[TimeControl "180+1"]
[EndTime "8:07:13 PDT"]
[Termination "Game drawn by repetition"]

1. d4 d5 2. c4 dxc4 3. e3 e5 4. Bxc4 exd4 5. exd4 Bd6 6. Nf3 Nf6 7. O-O O-O 8. h3 h6 9. Nc3 Nc6 10. Re1 Re8 11.
Rxe8+ Qxe8 12. Be3 Bf5 13. Bb5 a6 14. Ba4 b5 15. Bb3 Na5 16. Nd5 Qd8 17. Nxf6+ Qxf6 18.
Bc2 Nc4 19. Bxf5 Qxf5 20. b3 Nb6 21. Rc1 Re8 22. Qc2 Qe6 23. Qc6 Nd5 24. Ne5 Bxe5 25.
Qxe6 Rxe6 26. dxe5 Rxe5 27. Rc6 a5 28. Rc5 c6 29. Rxc6 Nxe3 30. fxe3 Rxe3 31. Ra6 a4 32. bxa4 b4 33. Rb6 Ra3 34. Rb8+ Kh7 35. Rxb4 Rxa2 36. Kh2 g5 37. h4 Kg6 38. hxg5 hxg5 39. Kg3 f5 40. Kf3 Ra3+ 41. Kf2 f4 42. Rc4 Kf5 43.
Rb4 Kg4 44. Rc4 Ra2+ 45. Kf1 Kg3 46. Rc3+ Kg4 47. Rc4 Kh4 48. Rb4 Kg4 49. Rc4 1/2-1/2

[Event "Early-Titled-Tuesday-Blitz-April-16-2024"]
[Site "Chess.com"]
[Date "2024.04.16"]
[Round "1"]
[White "MITerryble"]
[Black "Tugrik1969"]
[Result "1-0"]
[WhiteElo "3070"]
[BlackElo "2531"]
[TimeControl "180+1"]
[EndTime "8:07:14 PDT"]
[Termination "MITerryble won on time"]

1. e4 c5 2. Nf3 d6 3. Bb5+ Bd7 4. Bxd7+ Nxd7 5. O-O Ngf6 6. Qe2 e6 7. c3 Be7 8. d4 O-O 9. e5 Nd5 10. c4 Nc7 11. exd6 Bxd6 12. Rd1 Qc8 13. Nc3 cxd4 14. Rxd4 Be7 15. Bg5 f6 16. Rad1 Nc5 17. Be3 e5 18. R4d2 N5e6 19. Nd5 Re8 20. Nh4 Nxd5 21. cxd5 Nf4 22.
Bxf4 exf4 23. Qd3 Bd6 24. Nf5 Qd7 25. Nxd6 Qxd6 26. Qb5 b6 27. Rc2 Rac8 28. h4 Red8 29.
Re2 h5 30. Qb3 Re8 31. Re6 Kf7 32. Rxd6 1-0

[Event "Early-Titled-Tuesday-Blitz-April-16-2024"]
[Site "Chess.com"]
[Date "2024.04.16"]
[Round "1"]
[White "BigAl"]
[Black "Iball95"]
[Result "1-0"]
[WhiteElo "2518"]
[BlackElo "2888"]
[TimeControl "180+1"]
[EndTime "8:07:14 PDT"]
[Termination "BigAl won on time"]

1. Nf3 d5 2. g3 Nf6 3. Bg2 c5 4. O-O Nc6 5. d3 e6 6. Nbd2 g6 7. e4 Bg7 8. exd5 Nxd5 9. a4 O-O 10. Nc4 b6 11. Re1 Bb7 12. h4 h6 13. c3 Rc8 14. Qe2 Qd7 15. Nfe5 Nxe5 16. Nxe5 Qc7 17. Ng4 h5 18. Ne5 Ne7 19. Bxb7 Qxb7 20. Nc4 Rcd8 21. Bg5 Rd5 22. Bxe7 Qxe7 23. a5 b5 24. Ne3 Rd6 25.
Rad1 Rfd8 26. Rd2 a6 27. Red1 Bh6 28. d4 cxd4 29. Rxd4 Rxd4 30. cxd4 Qb4 31. d5 Bxe3 32. Qxe3 exd5 33. Rd4 Qxb2 34. g4 hxg4 35. Rxg4 Qb1+ 36. Kh2 Qf5 37. Rf4 Qe6 38. Qd4 Qd6 39. Kg2 Rc8 40. Rf6 Qd7 41. Rxa6 b4 42. Rb6 Kh7 43. h5 gxh5 44.
Qd3+ Kh8 45. Rh6+ Kg8 46. Qh7+ Kf8 47. Qh8+ Ke7 48. Qf6+ 1-0